 Dungeon Crawl Stone Soup version 0.24.0-37-gcf1ca852f1 (webtiles) character file.

Game seed: 14988761978688375867, levelgen mode: deterministic

88 sankara the Poker (level 4, 39/39 HPs)
             Began as a Minotaur Fighter on Dec 5, 2019.
             Was an Initiate of Ru.
             Got out of the dungeon alive.
             The game lasted 00:07:25 (1490 turns).

sankara the Poker (Minotaur Fighter)                Turns: 1490, Time: 00:07:25

Health: 39/39      AC:  9    Str: 20    XL:     4   Next: 30%
Magic:  3/3        EV:  7    Int:  5    God:    Ru [......]
Gold:   109        SH: 10    Dex: 11    Spells: 3/3 levels left

rFire    . . .     SeeInvis .   o - -2 hunting sling (curse)
rCold    . . .     Gourm    .   c - +1 shield
rNeg     . . .     Faith    .   b - +0 scale mail
rPois    .         Spirit   .   (helmet restricted)
rElec    .         Reflect  .   (no cloak)
rCorr    .         Harm     .   (no gloves)
MR       .....                  (no boots)
Stlth    ..........             (no amulet)
HPRegen  0.13/turn              e - +3 ring of protection
MPRegen  0.08/turn              (no ring)

@: no status effects
A: retaliatory headbutt, horns 2
a: Renounce Religion


You escaped.
You worshipped Ru.
Ru was noncommittal.
You were not hungry.

You visited 1 branch of the dungeon, and saw 2 of its levels.

You collected 109 gold pieces.

Inventory:

Hand Weapons
 a - a +0 trident
 l - a +2 dagger of venom
 o - a cursed -2 hunting sling (weapon)
Missiles
 k - 29 poisoned darts
 n - 57 stones (quivered)
Armour
 b - a +0 scale mail (worn)
 c - a +1 shield (worn)
Jewellery
 e - a +3 ring of protection (left hand)
Scrolls
 i - a scroll of identify
 j - 7 scrolls of teleportation
Potions
 d - a potion of might
 g - a potion of curing
 m - a potion of flight {unknown}
 p - a potion of berserk rage {unknown}
 q - a potion of heal wounds {unknown}
 r - a potion of cancellation {unknown}
Comestibles
 f - 2 rations
 h - 4 chunks of flesh


   Skills:
 - Level 3.6 Fighting
 * Level 4.8 Polearms
 - Level 3.6 Armour
 + Level 4.6 Shields


You had 3 spell levels left.
You didn't know any spells.
Your spell library was empty.

Dungeon Overview and Level Annotations

Branches:
Dungeon (2/15)

Altars:
Ru

Annotations:
D:2 Sigmund


Innate Abilities, Weirdness & Mutations

You reflexively headbutt those who attack you in melee.
You have a pair of horns on your head.


Message History

Sigmund appears from thin air!
Reactivating autopickup.
Sigmund points at you and mumbles some strange words.
You resist with some effort. Sigmund gestures at you while chanting.
You resist with some effort.
There is an open door here.
Items here: )) [ ÷÷ a +0 dagger; a +0 robe; a +0 club; an orc skeleton; a frilled lizard skeleton
There is a stone staircase leading up here.
You climb upwards.
There is a stone staircase leading down here.
Unknown command.
There is a huge open gate here.
HP restored.
There is an open gate here.
You see here a +0 club.
There is a staircase leading out of the dungeon here.
Are you sure you want to leave the Dungeon?
This will make you lose the game!
You have escaped!

....#...#######'''#######..#
....#...#o#...........#K#..#
....#...###..8.###)8..###..#
....#...#≈.............≈#..##
.####...#≈.............≈#...#
..# #...#≈≈...........≈≈#...#
#.###...#≈≈≈≈.......≈≈≈≈#...#
#..##...#≈≈≈≈≈≈≈.≈≈≈≈≈≈≈#...#
##.##...#≈≈≈≈≈≈≈@≈≈≈≈≈≈≈#...#
#..#...#################...#
##.#.......................#
#.#.......................#
###.#..#........##.######...#
.......+..................###
#......#........###########
#...............#
#......#........#


You could see an orc and a kobold.

Vanquished Creatures
  An orc wizard (D:2)
  A worm (D:2)
  2 dart slugs (D:1)
  A leopard gecko (D:2)
  5 giant cockroaches
  6 goblins
  6 hobgoblins
  9 jackals (D:1)
  2 ball pythons (D:2)
  6 bats
  6 frilled lizards
  3 kobolds
  5 rats
53 creatures vanquished.

Notes
Turn   | Place    | Note
-------+----------+-------------------------------------------
     0 | D:1      | sankara the Minotaur Fighter began the quest for the Orb.
     0 | D:1      | Reached XP level 1. HP: 19/19 MP: 0/0
   152 | D:1      | Reached XP level 2. HP: 26/26 MP: 1/1
   575 | D:1      | Reached XP level 3. HP: 18/31 MP: 2/2
  1305 | D:2      | Found a sacrificial altar of Ru.
  1324 | D:2      | Reached XP level 4. HP: 31/39 MP: 3/3
  1332 | D:2      | Became a worshipper of Ru the Awakened
  1410 | D:2      | Noticed Sigmund
  1490 | D:$      | Got out of the dungeon alive.

Levels and vault maps discovered:
D:1:      lordsloth_arrival_two_stooges, layout_basic
D:2:      layout_rooms, nicolae_ru_great_annihilating_truth, first_ration,
          minmay_hexomino_f4, uniq_sigmund

Skill      XL: |  1  2  3 |
---------------+----------+-----
Polearms       | 3 4 |  4.8
Shields        | 4 |  4.6
Fighting       | |  3.6
Armour         | |  3.6

Action                   |  1- 3 |  4- 6 || total
-------------------------+-------+-------++-------
Melee: Trident           |    27 |       ||    27
       Headbutt          |     6 |       ||     6
 Fire: Hunting sling     |   135 |     8 ||   143
Throw: Dart              |    19 |     4 ||    23
  Use: Scroll            |     5 |       ||     5
       Potion            |     1 |       ||     1
  Eat: Chunk             |     1 |     1 ||     2
Armor: Scale mail        |    40 |     2 ||    42
Dodge: Dodged            |    32 |       ||    32
Block: Shield            |    72 |       ||    72
